 Dungeon Crawl Stone Soup version 0.18-a0-82-gaf82852 (webtiles) character file.

65 QuinteeJr the Skirmisher (level 3, 0/33 HPs)
             Began as a Draconian Berserker on Nov 13, 2015.
             Was a Believer of Trog.
             Succumbed to an adder's poison
             ... on level 2 of the Dungeon.
             The game lasted 00:09:40 (1200 turns).

QuinteeJr the Skirmisher (Draconian Berserker)      Turns: 1200, Time: 00:09:40

Health: 0/33       AC:  5    Str: 20    XL:     3   Next: 92%
Magic:  3/3        EV: 13    Int:  7    God:    Trog [**....]
Gold:   36         SH:  0    Dex: 10    Spells: 0 memorised, 2 levels left

rFire  . . .     SeeInvis .     a - +0 mace
rCold  . . .     Clarity  .     (armour unavailable)
rNeg   . . .     SustAt   .     (no shield)
rPois  .         Gourm    .     (helmet restricted)
rElec  .         Spirit   .     (no cloak)
rCorr  .         Warding  .     (no gloves)
rMut   .         Stasis   .     (no boots)
MR     .....                    (no amulet)
Stlth  +.........               (no ring)
                                (no ring)

@: lethally poisoned (0 -> -5), not resistant to hostile enchantments, very
unstealthy
A: unfitting armour, cold-blooded, AC +5
a: Berserk, Trog's Hand, Burn Spellbooks, Renounce Religion


You were on level 2 of the Dungeon.
You worshipped Trog.
Trog was pleased with you.
You were not hungry.

You visited 1 branch of the dungeon, and saw 2 of its levels.

You collected 36 gold pieces.

Inventory:

Hand Weapons
 a - a +0 mace (weapon)
 f - a +0 hunting sling
Armour
 k - a +0 ring mail
 l - a +2 ring mail of fire resistance
Scrolls
 d - a scroll of fear {unknown}
 e - a scroll of recharging {unknown}
 h - a scroll of magic mapping {unknown}
 i - a scroll of teleportation {unknown}
Potions
 g - a potion of might {unknown}
Comestibles
 b - 2 bread rations
 c - 3 fruits
 j - a meat ration
 m - a slice of pizza


   Skills:
 + Level 3.8 Fighting
 + Level 3.3 Maces & Flails
 + Level 3.7 Dodging
 + Level 0.6 Stealth


You had 2 spell levels left.
You didn't know any spells.

Dungeon Overview and Level Annotations

Branches:
Dungeon (2/15)

Altars:


Innate Abilities, Weirdness & Mutations

Your plain brown scales are hard (AC +5).
Your body does not fit into most forms of armour.
You are cold-blooded and may be slowed by cold attacks.


Message History

* * * LOW HITPOINT WARNING * * *
You feel sick. The adder barely misses you. The adder closely misses you.
You hit the adder.
The adder is severely wounded.
* * * LOW HITPOINT WARNING * * *
You feel sick. The kobold barely misses you. The adder misses you.
You barely miss the adder.
The adder is severely wounded.
The adder barely misses you. The kobold hits you but does no damage.
The adder bites you.
* * * LOW HITPOINT WARNING * * *
You hit the adder.
You kill the adder!
Trog accepts your kill.
* * * LOW HITPOINT WARNING * * *
You feel sick. The kobold hits you but does no damage.
* * * LOW HITPOINT WARNING * * *
You feel sick.
You see here an adder corpse.
You die...

...##... #...( #...#
#....#. #.... #...#####
....##. ....###.#..#..
#..#. #<.......... # #...
#.........# .. #...
#.........# #.####...
#........†### ...#.##
#....)K.@...## #.#.##
#.........#..#### ##.....
#.........##....###......
##############..§§.......
#..§§§.§.... #..§§§.#####
#.§.§.§# #.§...§# #######


You could see a kobold.

Vanquished Creatures
  2 adders (D:2)
  An ooze (D:1)
  An adder skeleton (D:2)
  A giant gecko (D:2)
  3 bat zombies (D:2)
  6 goblins
  5 hobgoblins
  2 kobolds (D:1)
  A ball python skeleton (D:2)
  8 bats
  3 giant cockroaches (D:1)
  3 jackal skeletons (D:2)
  3 rats
  2 plants (D:1)
41 creatures vanquished.

Notes
Turn   | Place    | Note
--------------------------------------------------------------
     0 | D:1      | QuinteeJr the Draconian Berserker began the quest for the Orb.
     0 | D:1      | Reached XP level 1. HP: 19/19 MP: 1/1
   144 | D:1      | Reached XP level 2. HP: 17/26 MP: 2/2
   955 | D:1      | Reached ** piety under Trog
   955 | D:1      | Reached XP level 3. HP: 15/33 MP: 3/3
  1198 | D:2      | HP: 1/33 [poisoned by an adder]
  1200 | D:2      | Succumbed to an adder's poison

Vault maps used:
D:1:      lightli_molten_gateway, minmay_crystal_water, serial_bayou_lagoon_b
D:2:      serial_undead, serial_undead_a, serial_undead_c, serial_undead_c,
          serial_undead_c, serial_undead_c, serial_undead_a,
          nicolae_qazlal_style_of_elements

Action                   || total
-------------------------++-------
Melee: Mace              ||   252
       Hunting sling     ||    18
  Eat: Bread ration      ||     1
